 Dungeon Crawl Stone Soup version 0.22-a0-417-g1387785 (webtiles) character file.

158 Kairos the Chopper (level 5, -1/39 HPs)
             Began as a Demonspawn Gladiator on May 14, 2018.
             Slain by Purgy (7 damage)
             ... on level 3 of the Dungeon.
             The game lasted 00:03:27 (2253 turns).

Kairos the Chopper (Demonspawn Gladiator)           Turns: 2253, Time: 00:03:28

Health: -1/39      AC:  6    Str: 15    XL:     5   Next: 16%
Magic:  5/5        EV: 12    Int: 10    God:
Gold:   97         SH:  0    Dex: 14    Spells: 4/4 levels left

rFire    + . .     SeeInvis .   a - +0 war axe
rCold    . . .     Gourm    .   (no shield)
rNeg     . . .     Faith    .   k - +1 ring mail {rF+}
rPois    .         Spirit   .   (helmet restricted)
rElec    .         Reflect  .   (no cloak)
rCorr    .         Harm     .   (no gloves)
MR       .....                  (no boots)
Stlth    ++........             (no amulet)
HPRegen  0.13/turn              (no ring)
MPRegen  0.09/turn              (no ring)

@: no status effects
A: horns 2, nightstalker 1, rot immunity
a: no special abilities


You were on level 3 of the Dungeon.
You were not hungry.

You visited 1 branch of the dungeon, and saw 3 of its levels.

You collected 97 gold pieces.

Inventory:

Hand Weapons
 a - a +0 war axe (weapon)
 c - a +2 mace of protection
Missiles
 d - 3 throwing nets (quivered)
Armour
 b - a +0 leather armour
 k - a +1 ring mail of fire resistance (worn)
Scrolls
 e - 3 scrolls of identify {unknown}
 g - a scroll of magic mapping {unknown}
 i - a scroll of teleportation {unknown}
 j - a scroll of amnesia {unknown}
 n - 2 scrolls of remove curse {unknown}
Potions
 h - 2 potions of heal wounds {unknown}
 l - a potion of lignification {unknown}
Comestibles
 f - 5 rations
 m - a chunk of flesh


   Skills:
 + Level 2.6 Fighting
 + Level 4.6 Axes
 + Level 1.9 Throwing
 + Level 1.1 Armour
 + Level 3.0 Dodging


You had 4 spell levels left.
You didn't know any spells.
Your spell library was empty.

Dungeon Overview and Level Annotations

Branches:
Dungeon (3/15)

Altars:
Kikubaaqudgha

Annotations:
D:3 Purgy


Innate Abilities, Weirdness & Mutations

You have a pair of horns on your head.
You are slightly more attuned to the shadows.
You are immune to rotting.


Message History

You hit Purgy.
Purgy is severely wounded.
Purgy bites you.
* * * LOW HITPOINT WARNING * * *
Purgy claws you but does no damage. Purgy misses you.
You closely miss Purgy.
Purgy is severely wounded.
Purgy completely misses you. Purgy barely misses you. x2
You slash Purgy!
Purgy is almost dead.
Purgy bites you.
* * * LOW HITPOINT WARNING * * *
Purgy claws you but does no damage. Purgy claws you.
* * * LOW HITPOINT WARNING * * *
Purgy completely misses you. Purgy barely misses you.
Purgy claws you but does no damage.
You barely miss Purgy.
Purgy is almost dead.
Purgy bites you!
You die...

.......##.<...........#
.......##.#############
.......##.# #..†....#
[...##.#### ........ ##
#.##### ## .>.....#
##.....##... .......#
##...†....... ......#
#...@........ ......#
#<.†T........
......#######............
.....o..÷...#............
.<.)##.####..............
...###..w........?.......
o### #########...........
# ##.....##... ##..###
###


You could see Purgy.

Vanquished Creatures
  A worker ant (D:2)
  7 adders
  2 worms (D:3)
  3 orcs
  3 giant cockroaches
  9 goblins
  6 hobgoblins
  6 jackals
  A quokka (D:2)
  5 bats
  4 frilled lizards
  8 kobolds
  10 rats
65 creatures vanquished.

Notes
Turn   | Place    | Note
-------+----------+-------------------------------------------
     0 | D:1      | Kairos the Demonspawn Gladiator began the quest for the Orb.
     0 | D:1      | Reached XP level 1. HP: 16/16 MP: 1/1
    54 | D:1      | Reached skill level 3 in Axes
    91 | D:1      | Gained mutation: You are immune to rotting. [demonic ancestry]
    91 | D:1      | Reached XP level 2. HP: 14/22 MP: 2/2
   516 | D:2      | Gained mutation: You have a pair of small horns on your head. [demonic ancestry]
   516 | D:2      | Reached XP level 3. HP: 23/27 MP: 3/3
   616 | D:2      | Reached skill level 4 in Axes
   616 | D:2      | Gained mutation: You have a pair of horns on your head. [demonic ancestry]
   616 | D:2      | Reached XP level 4. HP: 14/33 MP: 4/4
  1343 | D:2      | Found an ancient bone altar of Kikubaaqudgha.
  1519 | D:3      | Noticed Purgy
  1543 | D:3      | Reached skill level 1 in Armour
  2024 | D:2      | Gained mutation: You are slightly more attuned to the shadows. [demonic ancestry]
  2024 | D:2      | Reached XP level 5. HP: 26/39 MP: 5/5
  2253 | D:3      | Slain by Purgy

Vault maps used:
D:1:      giann_bridges, wad_floor_pattern_2
D:2:      lemuel_round_altar, minmay_pentomino_u2
D:3:      okawaru_ov_weapons_minmay, uniq_purgy

Skill      XL: |  1  2  3  4 |
---------------+-------------+-----
Axes           | 3 4 |  4.6
Dodging        | 3 |  3.0
Armour         | 1 |  1.1
Fighting       | |  2.6
Throwing       | |  1.9

Action                   |  1- 3 |  4- 6 || total
-------------------------+-------+-------++-------
Melee: War axe           |    66 |    94 ||   160
       Headbutt          |     2 |    13 ||    15
 Stab: Sleeping          |       |     1 ||     1
  Eat: Chunk             |       |     4 ||     4
Armor: Leather armour    |    16 |       ||    16
       Ring mail         |     9 |    58 ||    67
Dodge: Dodged            |    63 |   105 ||   168

Table legend:
 A = Spawn XP
 B = Non-spawn XP
 C = Spawn XP percentage of total XP
 D = Spawn monster count
 E = Non-spawn monster count
 F = Spawn count percentage of total count
 G = Total turns spent on level
                    A         B        C        D         E        F      G
               +---------+---------+-------+---------+---------+-------+---------
         Total |       0 |     227 |   0.0 |       0 |      65 |   0.0 |  2253
               +---------+---------+-------+---------+---------+-------+---------
           D:1 |       0 |      31 |   0.0 |       0 |      19 |   0.0 |   502
           D:2 |       0 |     158 |   0.0 |       0 |      35 |   0.0 |  1664
           D:3 |       0 |      38 |   0.0 |       0 |      11 |   0.0 |    87
               +---------+---------+-------+---------+---------+-------+---------
